 Dungeon Crawl Stone Soup version 0.19.5 (webtiles) character file.

14802 Santreim the Basher (level 11, -1/99 HPs)
             Began as a Minotaur Fighter on Mar 11, 2017.
             Was a Priest of the Shining One.
             Succumbed to a wolf spider's poison
             ... on level 1 of the Spider Nest.
             The game lasted 00:44:45 (12210 turns).

Santreim the Basher (Minotaur Fighter)             Turns: 12210, Time: 00:44:46

Health: -1/99      AC: 23    Str: 25    XL:     11   Next: 93%
Magic:  8/11       EV:  8    Int:  5    God:    the Shining One [***...]
Gold:   672        SH: 18    Dex:  9    Spells: 0 memorised, 10 levels left

rFire  + + .     SeeInvis .     m - +4 mace
rCold  + . .     Gourm    .     P - +1 plate armour "Laxkov" {rElec rF+}
rNeg   + . .     Faith    .     c - +0 shield
rPois  +         Spirit   .     (helmet restricted)
rElec  +         Reflect  .     e - +1 cloak
rCorr  +         Harm     .     k - +0 pair of gloves
MR     +....                    u - +0 pair of boots
Stlth  ..........               (no amulet)
                                O - ring of stealth
                                l - ring of protection from magic

@: lethally poisoned (-1 -> -23), divine shield, resistant, glowing
A: retaliatory headbutt, horns 2, slimy green scales 1, clumsy 1, strong 1, wild
magic 1, no device heal 1
a: Divine Shield, Renounce Religion


You were on level 1 of the Spider Nest.
You worshipped the Shining One.
The Shining One was most pleased with you.
You were not hungry.

You visited 4 branches of the dungeon, and saw 14 of its levels.

You collected 672 gold pieces.

Inventory:

Hand Weapons
 a - a +0 flail
 i - a +0 morningstar
 m - a +4 mace (weapon)
Missiles
 r - 18 tomahawks (quivered)
Armour
 c - a +0 shield (worn)
 e - a +1 cloak (worn)
 k - a +0 pair of gloves (worn)
 u - a +0 pair of boots (worn)
 w - a +1 plate armour
 A - the +3 ring mail of the Ladybird {Regen+}
   (You found it on level 7 of the Dungeon)

   It increases your rate of regeneration.
 K - the +3 chain mail "Lenu" {+Inv MR+ Regen+}
   (You found it on level 9 of the Dungeon)

   It affects your resistance to hostile enchantments.
   It lets you turn invisible.
   It increases your rate of regeneration.
 P - the +1 plate armour "Laxkov" (worn) {rElec rF+}
   (You found it on level 3 of the Lair of Beasts)

   It protects you from fire.
   It insulates you from electricity.
Jewellery
 l - a ring of protection from magic (left hand)
 O - a ring of stealth (right hand)
 U - an uncursed ring of protection from magic
 X - an uncursed ring of positive energy
Wands
 q - a wand of acid (9/15)
 v - a wand of confusion (24/48)
 D - a wand of random effects (23/48)
 H - a wand of disintegration (11/24)
 I - a wand of hasting (3/9)
 J - a wand of lightning (10/15)
 S - a wand of digging (9/24)
 V - a wand of lightning (0/15)
Scrolls
 b - a scroll of noise
 g - 4 scrolls of amnesia
 h - 3 scrolls of identify
 t - a scroll of acquirement {unknown}
 y - 3 scrolls of immolation
 B - a scroll of remove curse
 E - 2 scrolls of teleportation
 G - 2 scrolls of magic mapping
 L - a scroll of recharging
 N - a scroll of fog
 Q - 3 scrolls of enchant weapon
 W - a scroll of enchant armour
Potions
 d - a potion of might
 n - 2 potions of invisibility
 o - a potion of resistance
 p - 2 potions of brilliance
 x - a potion of magic
Books
 s - a book of Minor Magic

   Spells                             Type                      Level
   a - Magic Dart                     Conjuration                  1
   b - Blink                          Translocation                2
   c - Call Imp                       Summoning                    2
   d - Repel Missiles                 Charms/Air                   2
   e - Slow                           Hexes                        2
   f - Conjure Flame                  Conjuration/Fire             3
   g - Mephitic Cloud                 Conjuration/Poison/Air       3
 F - a book of Conjurations

   Spells                             Type                      Level
   a - Magic Dart                     Conjuration                  1
   b - Searing Ray                    Conjuration                  2
   c - Dazzling Spray                 Conjuration/Hexes            3
   d - Fulminant Prism                Conjuration/Hexes            4
   e - Iskenderun's Mystic Blast      Conjuration                  4
   f - Iskenderun's Battlesphere      Conjuration/Charms           5
 T - a Young Poisoner's Handbook

   Spells                             Type                      Level
   a - Sting                          Conjuration/Poison           1
   b - Mephitic Cloud                 Conjuration/Poison/Air       3
   c - Olgreb's Toxic Radiance        Poison                       4
   d - Alistair's Intoxication        Transmutation/Poison         5
   e - Venom Bolt                     Conjuration/Poison           5
   The Shining One disapproves of the use of such an item.
Comestibles
 f - 5 bread rations
 j - a slice of pizza
 C - a beef jerky
 M - 3 meat rations
 R - 2 fruits


   Skills:
 + Level 9.8 Fighting
 + Level 13.3 Maces & Flails
 + Level 11.3 Armour
 - Level 3.8 Dodging
 - Level 0.8 Stealth
 + Level 11.6 Shields
 + Level 2.4 Invocations
 - Level 1.0 Evocations


You had 10 spell levels left.
You didn't know any spells.

Dungeon Overview and Level Annotations

Branches:
Dungeon (9/15)             Temple (1/1) D:6            Lair (3/6) D:9
 Spider (1/4) Lair:3
  Swamp: Lair:2-4    Shoals: Lair:2-4       Orc: D:9-12

Altars:
Ashenzari
Cheibriados
Dithmenos
Elyvilon
Fedhas
Gozag
Hepliaklqana
Kikubaaqudgha
Makhleb
Nemelex Xobeh
Okawaru
Qazlal
Ru
Sif Muna
Trog
Uskayaw
Vehumet
Xom
Yredelemnul
Zin
The Shining One

Shops:
D:5 *


Innate Abilities, Weirdness & Mutations

You reflexively headbutt those who attack you in melee.
You have a pair of horns on your head.
You are partially covered in slimy green scales. (AC +2)
You are clumsy. (Dex -2)
Your muscles are strong. (Str +2)
Your spells are a little harder to cast, but a little more powerful.
Potions and wands are less effective at restoring your health.


Message History

You are lethally poisoned!
The wolf spider poisons you! You block the tarantella's attack.
It was a potion of mutation.
You feel extremely strange.
You feel clumsy.
You feel stronger.
* * * LOW HITPOINT WARNING * * *
You feel very sick. The wolf spider barely misses you.
The wolf spider bites you but does no damage.
The tarantella barely misses you.
Okay, then.
You feel protected.
* * * LOW HITPOINT WARNING * * *
You feel sick. You block the wolf spider's attack.
The wolf spider bites you but does no damage.
The tarantella bites you but does no damage.
The wolf spider barely misses you. You block the wolf spider's attack.
You block the tarantella's attack.
Your shield is strengthened by the Shining One's divine power.
You feel slightly more hungry.
You die...

########### ####
..........##.....
.................
.......<@s.....?.
.....#.†s...$....
........##..#....
......... ### ...
..>....... .
..##.#..... .
#......##
.......#
.........


You could see a wolf spider and a tarantella.

Vanquished Creatures
  An entropy weaver (Lair:3)
  A hydra (Lair:2)
  Pikel (D:4)
  A wolf spider (Spider:1)
  An oklob plant (Lair:2)
  2 black mambas
  Psyche (D:9)
  A spiny frog (Lair:2)
  4 komodo dragons
  A troll (D:9)
  A polar bear (Lair:3)
  A jumping spider (Spider:1)
  A hippogriff (D:9)
  A wyvern (Lair:3)
  14 yaks
  A basilisk (Lair:1)
  A hungry ghost (D:7)
  2 water moccasins
  4 porcupines
  A black bear (D:6)
  3 ice beasts
  4 orc warriors
  A slave (D:4)
  4 sky beasts
  2 phantoms (D:8)
  3 wolves (D:9)
  5 ogres
  3 centaurs
  A crocodile (Lair:1)
  12 bullfrogs
  A wyvern skeleton (D:7)
  3 scorpions
  6 wights
  2 vampire bats (D:4)
  4 electric eels (D:9)
  3 howler monkeys
  3 crimson imps
  A bullfrog zombie (D:5)
  12 jellies
  A quasit (D:8)
  A centaur skeleton (D:8)
  9 hounds
  8 orc priests
  Jessica (D:2)
  5 orc wizards
  Ijyb (D:2)
  4 iguanas
  6 worker ants
  A hound zombie (D:7)
  A hound skeleton (D:9)
  A howler monkey zombie (D:6)
  7 gnolls
  15 adders
  2 howler monkey skeletons
  12 oozes
  3 adder skeletons
  2 worms
  2 dart slugs
  5 leopard geckos
  45 orcs
  3 ball pythons
  14 bats
  10 giant cockroaches
  14 goblins
  12 hobgoblins
  10 jackals
  9 kobolds
  3 quokkas
  5 frilled lizards
  A giant cockroach zombie (D:6)
  3 jackal skeletons
  A quokka skeleton (D:6)
  7 rats
  A butterfly (Lair:1)
339 creatures vanquished.

Vanquished Creatures (others)
  A worker ant (D:4)
  A ball python (D:4)
  5 fungi
7 creatures vanquished.

Grand Total: 346 creatures vanquished

Notes
Turn   | Place    | Note
-------+----------+-------------------------------------------
     0 | D:1      | Santreim the Minotaur Fighter began the quest for the Orb.
     0 | D:1      | Reached XP level 1. HP: 19/19 MP: 0/0
   110 | D:1      | Reached XP level 2. HP: 26/27 MP: 1/1
   452 | D:1      | Reached XP level 3. HP: 33/33 MP: 2/2
   549 | D:2      | Noticed Ijyb
   569 | D:2      | Killed Ijyb
   569 | D:2      | Reached skill level 3 in Maces & Flails
   569 | D:2      | Reached skill level 1 in Dodging
   569 | D:2      | Reached XP level 4. HP: 12/40 MP: 3/3
  1064 | D:2      | Noticed Jessica
  1072 | D:2      | Killed Jessica
  1075 | D:2      | Reached XP level 5. HP: 30/47 MP: 4/4
  1451 | D:2      | Reached skill level 5 in Shields
  1811 | D:3      | Found a basalt altar of Yredelemnul.
  2075 | D:3      | Reached XP level 6. HP: 40/53 MP: 5/5
  2095 | D:3      | Found a faded altar of an unknown god.
  2541 | D:3      | Reached skill level 4 in Maces & Flails
  2850 | D:3      | Reached skill level 5 in Armour
  2865 | D:3      | Found a white marble altar of Elyvilon.
  3206 | D:4      | Reached skill level 5 in Fighting
  3383 | D:4      | Reached XP level 7. HP: 59/61 MP: 6/6
  3434 | D:4      | Reached skill level 5 in Maces & Flails
  3856 | D:4      | Noticed Pikel
  3872 | D:4      | Killed Pikel
  3872 | D:4      | Reached skill level 6 in Maces & Flails
  3872 | D:4      | Reached XP level 8. HP: 23/69 MP: 7/7
  4267 | D:5      | Entered Level 5 of the Dungeon
  4272 | D:5      | Found a snail-covered altar of Cheibriados.
  4314 | D:5      | Reached skill level 7 in Maces & Flails
  4320 | D:5      | Gained mutation: You are partially covered in slimy green scales. (AC +2) [mutagenic meat]
  4321 | D:5      | Gained mutation: You are dopey. (Int -2) [mutagenic meat]
  4322 | D:5      | Lost mutation: You are dopey. (Int -2) [mutagenic meat]
  4323 | D:5      | Gained mutation: Potions and wands are less effective at restoring your health. [mutagenic meat]
  4368 | D:5      | Found Jyown's Assorted Antiques.
  5218 | D:6      | Reached skill level 8 in Maces & Flails
  5298 | D:6      | Reached XP level 9. HP: 20/75 MP: 8/8
  5665 | D:6      | Found a staircase to the Ecumenical Temple.
  5672 | Temple   | Entered the Ecumenical Temple
  5681 | Temple   | Became a worshipper of the Shining One
  5808 | D:6      | Reached skill level 9 in Maces & Flails
  6050 | D:6      | Reached * piety under the Shining One
  6307 | D:7      | Found a bloodstained altar of Trog.
  6453 | D:7      | Reached skill level 10 in Maces & Flails
  6473 | D:7      | Found a sacrificial altar of Ru.
  6505 | D:7      | Got a dazzling ring mail
  6506 | D:7      | Identified the +3 ring mail of the Ladybird {Regen+} (You found it on level 7 of the Dungeon)
  7046 | D:8      | Gained mutation: Your spells are a little harder to cast, but a little more powerful. [mutagenic meat]
  7125 | D:8      | Reached ** piety under the Shining One
  7253 | D:8      | Reached XP level 10. HP: 84/86 MP: 9/9
  7531 | D:9      | Got an ichor-stained chain mail
  7534 | D:9      | Found a shimmering altar of Xom.
  7617 | D:9      | Reached skill level 11 in Maces & Flails
  7870 | D:9      | Found a staircase to the Lair.
  8005 | D:9      | Noticed Psyche
  8011 | D:9      | Killed Psyche
  8011 | D:9      | Reached skill level 10 in Shields
  8088 | D:9      | Found an opulent altar of Gozag.
  8088 | D:9      | Found a sparkling altar of Nemelex Xobeh.
  8371 | Lair:1   | Entered Level 1 of the Lair of Beasts
  8720 | Lair:1   | Reached *** piety under the Shining One
  8736 | Lair:1   | Reached skill level 12 in Maces & Flails
  9376 | Lair:2   | Identified the +3 chain mail "Lenu" {+Inv MR+ Regen+} (You found it on level 9 of the Dungeon)
  9439 | Lair:2   | Reached XP level 11. HP: 40/95 MP: 10/10
  9442 | Lair:2   | Reached skill level 10 in Armour
 10024 | Lair:2   | Noticed an oklob plant
 10048 | Lair:2   | Killed an oklob plant
 10644 | Lair:2   | Noticed an eight-headed hydra
 10653 | Lair:2   | Killed an eight-headed hydra
 10653 | Lair:2   | Reached skill level 13 in Maces & Flails
 10653 | Lair:2   | Reached skill level 1 in Evocations
 11059 | Lair:3   | Got a distressingly furry plate armour
 11060 | Lair:3   | Identified the cursed +1 plate armour "Laxkov" {rElec rF+} (You found it on level 3 of the Lair of Beasts)
 11169 | Lair:3   | Found a hole to the Spider Nest.
 11308 | Lair:3   | Reached skill level 1 in Invocations
 11502 | Lair:3   | Noticed an entropy weaver
 11912 | Lair:3   | Killed an entropy weaver
 12170 | Spider:1 | Entered Level 1 of the Spider Nest
 12170 | Spider:1 | Noticed a wolf spider
 12184 | Spider:1 | Killed a wolf spider
 12204 | Spider:1 | Noticed a wolf spider
 12208 | Spider:1 | Gained mutation: You are clumsy. (Dex -2) [potion of mutation]
 12208 | Spider:1 | Gained mutation: Your muscles are strong. (Str +2) [potion of mutation]
 12208 | Spider:1 | HP: 3/99 [poisoned by a wolf spider]
 12209 | Spider:1 | HP: 1/99 [poisoned by a wolf spider]
 12210 | Spider:1 | Succumbed to a wolf spider's poison

Skill      XL: |  1  2  3  4  5  6  7  8  9 10 11 |
---------------+----------------------------------+-----
Shields        | 4 5 6 7 8 9 10 11 | 11.6
Fighting       | 4 5 6 7 8 9 |  9.8
Armour         | 4 5 6 7 8 9 11 | 11.3
Maces & Flails | 3 4 6 8 10 12 13 | 13.3
Dodging        | 1 2 3 |  3.8
Evocations     | 1 |  1.0
Invocations    | 2 |  2.4
Stealth        | |  0.8

Action                   |  1- 3 |  4- 6 |  7- 9 | 10-12 || total
-------------------------+-------+-------+-------+-------++-------
Melee: Flail             |    45 |       |       |       ||    45
       Headbutt          |    12 |    52 |    74 |    97 ||   235
       Mace              |    48 |   251 |   418 |   391 ||  1108
Invok: Divine Shield     |       |       |       |     1 ||     1
Evoke: Wand              |       |       |       |    21 ||    21
  Use: Scroll            |     2 |     6 |     7 |    14 ||    29
       Potion            |       |     4 |     1 |    12 ||    17
  Eat: Chunk             |       |     9 |     8 |     6 ||    23
       Fruit             |       |       |     3 |     4 ||     7
       Beef jerky        |       |       |     1 |       ||     1
       Pizza             |       |       |     2 |       ||     2
       Bread ration      |       |       |     1 |       ||     1
       Royal jelly       |       |       |       |     1 ||     1
       Meat ration       |       |       |       |     1 ||     1
Armor: Scale mail        |    58 |     7 |       |       ||    65
       Chain mail        |       |   179 |    89 |       ||   268
       Plate armour      |       |       |    62 |   177 ||   239
       Skin              |       |       |     3 |       ||     3
Dodge: Dodged            |    32 |    82 |    80 |    89 ||   283
Block: Shield            |    54 |   196 |   204 |   232 ||   686
